 Dungeon Crawl Stone Soup version 0.30-a0-371-gad7725a93e (webtiles) character file.

Game seed: 8717244583019032656

17 zishaf the Magician (level 2, -7/22 HPs)
             Began as a Djinni Venom Mage on Nov 22, 2022.
             Mangled by a red devil
             ... wielding a +0 trident
             ... summoned by Xom
              (8 damage)
             ... on level 1 of the Dungeon.
             The game lasted 00:02:29 (403 turns).

zishaf the Magician (Djinni Venom Mage)              Turns: 403, Time: 00:02:29

Health: -7/22      AC:  2    Str:  7    XL:     2   Next: 80%
Gold:   12         EV: 12    Int: 16    God:
                   SH:  0    Dex: 13

rFire   + + .      SeeInvis .    b - +0 dagger
rCold   x . .      Faith    .    (no shield)
rNeg    . . .      Spirit   .    a - +0 robe
rPois   ∞          Reflect  .    (no helmet)
rElec   .          Harm     .    (no cloak)
rCorr   .          Rampage  .    (no gloves)
Will    .....                    (boots unavailable)
Stlth   ++........               (no amulet)
HPRegen 0.23/turn                (no ring)
MPRegen 0.00/turn                (no ring)

@: spiked, flying
A: sickness immunity, fire resistance 2, cold vulnerability 1, float, innate
caster, HP casting, extra vitality 1
a: no special abilities


You were on level 1 of the Dungeon.
You visited 1 branch of the dungeon, and saw 1 of its levels.

You collected 12 gold pieces.

Inventory:

Hand Weapons
 b - a +0 dagger (weapon)
Armour
 a - a +0 robe (worn)


   Skills:
 + Level 1.0 Fighting
 - Level 2.1 Dodging
 - Level 1.5 Stealth
 * Level 2.9 Spellcasting


You couldn't memorise any spells.
You knew the following spells:

 Your Spells              Type           Power      Damage    Failure   Level
a - Sting                 Tmut/Pois      44%        1d5       6%          1
b - Poisonous Vapours     Pois/Air       22%        N/A       9%          2
z - Mephitic Cloud        Conj/Pois/Air  11%        N/A       17%         3
A - Olgreb's Toxic Radia  Pois           11%        N/A       50%         4
Your spell library was empty.

Dungeon Overview and Level Annotations

Branches:
Dungeon (1/15)

Altars:
Xom


Innate Abilities, Weirdness & Mutations

You are immune to sickness and miasma.
You are immune to poison.
Your flesh is very heat resistant. (rF++)
You are vulnerable to cold. (rC-)
You float through the air rather than walking.
You learn spells naturally, not from books.
Your magical power is your life essence.
You have superior vitality. (+4 MHP)


Message History

Aiming: Sting (safe; 6% risk of failure)
Press: ? - help, Shift-Dir - straight line, f/p - endoplasm
Aim: an endoplasm (moderately wounded, very poisoned, 98% to hit)
The sting hits the endoplasm.
The endoplasm partially resists.
The endoplasm is heavily wounded.
The endoplasm freezes you.
You are frozen.
You feel a terrible chill!
Casting: Sting (safe; 6% risk of failure)
Confirm with . or Enter, or press ? or * to list all spells.
Aiming: Sting (safe; 6% risk of failure)
Press: ? - help, Shift-Dir - straight line, f/p - endoplasm
Aim: an endoplasm (heavily wounded, very poisoned, 98% to hit)
The sting hits the endoplasm.
The endoplasm partially resists.
The endoplasm is almost dead.
The endoplasm freezes you.
You are frozen!
You feel a terrible chill!
Casting: Sting (safe; 6% risk of failure)
Confirm with . or Enter, or press ? or * to list all spells.
Aiming: Sting (safe; 6% risk of failure)
Press: ? - help, Shift-Dir - straight line, f/p - endoplasm
Aim: an endoplasm (almost dead, very poisoned, 98% to hit)
The sting hits the endoplasm.
The endoplasm looks even sicker.
You kill the endoplasm!
You hear Xom's maniacal laughter.
Unknown command.
You aren't carrying any scrolls.
It was a potion of heal wounds.
You feel much better.
You closely miss the crimson imp.
The ufetubus hits you but does no damage.
The ufetubus barely misses you. The crimson imp closely misses you.
The red devil hits you from afar with a +0 trident!
Ouch! That really hurt!
Barbed spikes become lodged in your body.
The crimson imp hits you.
* * * LOW HITPOINT WARNING * * *
The ufetubus misses you. x2; The iron imp hits you.
* * * LOW HITPOINT WARNING * * *
The crimson imp blinks!
The red devil hits you from afar with a +0 trident!
You die...

#.#.# #.#.#..........#.#
#.#.#
....###.....####.##
#...#
#.................#
#####
###.......#####.#.#
#...5.........#.... .
##.......##.#..###. ...
#553.............#
.....##§55.....###~###.#
#..45@55.....#.#≈#.#..
#.######.#.###.#≈#)###
...#.....#≈#....
#####.###.#≈#.###
#.....#.#≈#.#..
#.##..###~###.#
#.##..........#
#.##.######.... #.##.#
#####


You could see a ynoxinul (summoned), a red devil (summoned), an iron imp
(summoned), a quasit (summoned), 3 crimson imps, a shadow imp (summoned) and 2
ufetubi.

Vanquished Creatures
  A ball python (D:1)
  2 bats (D:1)
  4 endoplasms (D:1)
  A goblin (D:1)
  A hobgoblin (D:1)
  2 kobolds (D:1)
  A quokka (D:1)
  A frilled lizard (D:1)
  A rat (D:1)
14 creatures vanquished.

Notes
Turn   | Place    | Note
-------+----------+-------------------------------------------
     0 | D:1      | zishaf the Djinni Venom Mage began the quest for the Orb.
     0 | D:1      | zishaf set off with the following spells memorised: Sting,
                  | Poisonous Vapours, Mephitic Cloud, Olgreb's Toxic Radiance.
     0 | D:1      | Reached XP level 1. HP: 15/15 MP: 0/0
   116 | D:1      | Reached XP level 2. HP: 20/22 MP: 0/0
   175 | D:1      | Found a faded altar of an unknown god.
   188 | D:1      | Prayed at the altar of an unknown god.
   188 | D:1      | Became a worshipper of Xom of Chaos
   216 | D:1      | XOM: silly message
   221 | D:1      | Fell from the grace of Xom
   315 | D:1      | Reached skill level 1 in Fighting
   400 | D:1      | XOM: summons 10 hostile demons
   401 | D:1      | Noticed a crimson imp
   401 | D:1      | Noticed a crimson imp
   401 | D:1      | Noticed a crimson imp
   401 | D:1      | Noticed a red devil
   401 | D:1      | Noticed a ynoxinul
   401 | D:1      | Noticed a quasit
   403 | D:1      | HP: 1/22 [iron imp[Xom] (5)]
   403 | D:1      | Mangled by a red devil

Illustrated notes

Levels and vault maps discovered:
D:1:      ncdulo_halloftheorcs, layout_basic, ebering_ecumenical_altar_hall,
          chequers_serial_rivers_small_b, grunt_decor_cap

Skill      XL: |  1  2 |
---------------+-------+-----
Fighting       | 1 |  1.0
Dodging        | |  2.1
Stealth        | |  1.5
Spellcasting   | |  2.9

Action                   || total
-------------------------++-------
Melee: Dagger            ||     1
 Cast: Sting             ||    30
Invok: Renounce Religion ||     1
  Use: Potion            ||     1
Armor: Robe              ||     5
Dodge: Dodged            ||    16

Table legend: (Time is in decaauts)
 A = Elapsed time spent in this place.
 B = Non-inter-level travel time spent in this place.
 C = Inter-level travel time spent in this place.
 D = Time resting spent in this place.
 E = Time spent auto-exploring this place.
 F = Levels seen in this place.
 G = Mean time per level.
                   A        B        C        D        E       F      G
               +--------+--------+--------+--------+--------+-----+--------+
         Total |    402 |    378 |     24 |     13 |    248 |   1 |  402.0 |
       Dungeon |    402 |    378 |     24 |     13 |    248 |   1 |  402.0 |
               +--------+--------+--------+--------+--------+-----+--------+

Top non-repeatable levels by time:
     D:1: 402 daAuts
